 Dungeon Crawl Stone Soup version 0.18.1-8-gdd0e5ea (webtiles) character file.

133 Crag the Ruffian (level 5, -3/42 HPs)
             Began as a Naga Earth Elementalist on June 12, 2016.
             Slain by an orc
             ... wielding a +0 trident
              (8 damage)
             ... on level 3 of the Dungeon.
             The game lasted 00:14:30 (2968 turns).

Crag the Ruffian (Naga Earth Elementalist)          Turns: 2968, Time: 00:14:31

Health: -3/42      AC:  3    Str: 11 (12) XL:     5   Next: 16%
Magic:  8/8        EV:  9    Int: 14 (15) God:
Gold:   158        SH:  0    Dex:  8 (11) Spells: 1 memorised, 7 levels left

rFire  . . .     SeeInvis +       - Unarmed
rCold  . . .     Gourm    +     a - +0 robe
rNeg   . . .     Faith    .     (no shield)
rPois  +         Spirit   .     q - +0 helmet
rElec  .         Dismiss  .     (no cloak)
rCorr  .         Reflect  .     (no gloves)
SustAt .         Harm     .     (no barding)
MR     .....                    n - amulet of the gourmand
Stlth  ++........               (no ring)
                                o - +2 ring of slaying

@: very slow, not resistant to hostile enchantments, unstealthy
A: see invisible, deformed body, poison resistance, slowness 2, slow metabolism
1, spit poison 2, AC +1
a: Spit Poison


You were on level 3 of the Dungeon.
You were completely stuffed.

You visited 1 branch of the dungeon, and saw 3 of its levels.

You collected 158 gold pieces.

Inventory:

Hand Weapons
 e - a +2 dagger of speed
Missiles
 b - 111 stones (quivered)
Armour
 a - a +0 robe (worn)
 q - a +0 helmet (worn)
Jewellery
 n - an amulet of the gourmand (around neck)
 o - a +2 ring of slaying (left hand)
Scrolls
 f - a scroll of amnesia {unknown}
 g - 3 scrolls of identify {unknown}
 i - a scroll of fear {unknown}
 j - a scroll of enchant armour {unknown}
 l - 2 scrolls of remove curse {unknown}
Potions
 k - 2 potions of degeneration
 p - a potion of heal wounds {unknown}
 r - a potion of cancellation {unknown}
Books
 c - a book of Geomancy

   Spells                             Type                      Level
   a - Sandblast                      Earth                        1
   b - Passwall                       Transmutation/Earth          2
   c - Stone Arrow                    Conjuration/Earth            3
   d - Petrify                        Transmutation/Earth          4
   e - Lee's Rapid Deconstruction     Earth                        5
Comestibles
 d - 2 bread rations
 h - 2 beef jerkies


   Skills:
 - Level 1.5 Dodging
 - Level 3.0 Stealth
 + Level 4.6 Unarmed Combat
 - Level 2.0 Spellcasting
   Level 1.0 Transmutations
 - Level 3.0 Earth Magic


You had 7 spell levels left.
You knew the following spells:

 Your Spells              Type           Power        Failure   Level  Hunger
a - Sandblast             Erth           #.....       10%         1    ##.....


Dungeon Overview and Level Annotations

Branches:
Dungeon (3/15)

Altars:
Makhleb
Qazlal
Trog
Vehumet


Innate Abilities, Weirdness & Mutations

You cannot wear boots.
Your serpentine skin is tough (AC +1).
You have supernaturally acute eyesight.
Armour fits poorly on your strangely shaped body.
Your system is resistant to poisons.
You cover ground very slowly.
You have a slow metabolism.
You can spit poison.


Message History

The hobgoblin is heavily wounded.
The hobgoblin hits you with a club.
You closely miss the hobgoblin.
The hobgoblin is heavily wounded.
The orc closely misses you. The hobgoblin hits you with a club.
You hit the hobgoblin.
You kill the hobgoblin!
You feel your intelligence returning.
The orc hits you from afar with a trident.
The orc hits you with a trident.
* * * LOW HITPOINT WARNING * * *
Things that are here:
a club; a hobgoblin corpse You closely miss the orc.
The orc hits you with a trident.
* * * LOW HITPOINT WARNING * * *
Drink which item? (? for menu, Esc to quit)
Okay, then.
You closely miss the orc. The orc barely misses you.
You barely miss the orc. The orc hits you with a trident!
You die...

#..# #### ###...... #.## #.#
##.(.##... #.#
#.#########...#)##.#. #.#
##.#........####)..... ..#
##....#.......##..(.... ..#
#######.....#....#..#..(.....
.####.........##..#..#....(......
........###..###)...#............
.#...........#..@o#..o#.†#......$
##).....####.#..###..............
.#........).....###.......####.##
.#........................# .#
.#.......#...........#.....# ##
.......<##...#...###..........
##...........................#
##########.....#####......[..# #
#.....# ##...######


You could see an orc.

Vanquished Creatures
  5 adders
  An ooze (D:2)
  A worm (D:2)
  3 dart slugs
  2 giant geckos (D:1)
  6 orcs
  7 bats
  6 giant cockroaches
  5 goblins
  7 hobgoblins
  2 quokkas
  2 ball pythons
  2 giant newts (D:1)
  9 kobolds
  8 rats
66 creatures vanquished.

Notes
Turn   | Place    | Note
--------------------------------------------------------------
     0 | D:1      | Crag the Naga Earth Elementalist began the quest for the Orb.
     0 | D:1      | Reached XP level 1. HP: 15/15 MP: 3/3
    22 | D:1      | Reached skill level 1 in Unarmed Combat
   268 | D:1      | Reached XP level 2. HP: 15/22 MP: 1/5
   466 | D:1      | Reached skill level 2 in Unarmed Combat
   902 | D:1      | Reached XP level 3. HP: 28/28 MP: 6/6
   992 | D:2      | Reached skill level 3 in Unarmed Combat
  1140 | D:2      | Found a burning altar of Makhleb.
  1159 | D:2      | Found a bloodstained altar of Trog.
  1358 | D:2      | Reached XP level 4. HP: 36/36 MP: 4/7
  1996 | D:2      | Reached skill level 4 in Unarmed Combat
  2585 | D:3      | Reached XP level 5. HP: 42/42 MP: 8/8
  2684 | D:3      | Found a stormy altar of Qazlal.
  2684 | D:3      | Found a radiant altar of Vehumet.
  2968 | D:3      | Slain by an orc

Skill      XL: |  1  2  3  4 |
---------------+-------------+-----
Unarmed Combat | 1 2 3 4 |  4.6
Dodging        | |  1.5
Stealth        | |  3.0
Spellcasting   | |  2.0
Transmutations | |  1.0
Earth Magic    | |  3.0

Action                   |  1- 3 |  4- 6 || total
-------------------------+-------+-------++-------
Melee: Unarmed           |    19 |   121 ||   140
       Dagger            |    18 |       ||    18
       Punch             |       |     3 ||     3
 Cast: Sandblast         |    39 |       ||    39
 Abil: Spit Poison       |     1 |       ||     1
  Use: Potion            |       |     3 ||     3
 Stab: Sleeping          |       |     3 ||     3
       Distracted        |       |     1 ||     1
  Eat: Chunk             |     6 |    10 ||    16
Armor: Robe              |     7 |    31 ||    38
Dodge: Dodged            |    22 |    65 ||    87
